 Dungeon Crawl Stone Soup version 0.29-a0-878-g7b45a56547 (webtiles) character file.

Game seed: 10825024550891860253

189 iguanaiguana the Chopper (level 6, -2/51 HPs)
             Began as a Meteoran Fighter on July 20, 2022.
             Was a Follower of Lugonu.
             Slain by Natasha (5 damage)
             ... on level 2 of the Dungeon.
             The game lasted 00:11:39 (978 turns).

iguanaiguana the Chopper (Meteoran Fighter)          Turns: 978, Time: 00:11:40

Health: -2/51      AC:  8    Str: 20    XL:     6   Next: 20%
Magic:  7/7        EV:  9    Int: 10    God:    Lugonu [*.....]
Gold:   66         SH:  5    Dex: 13    Spells: 5/5 levels left

rFire   . . .      SeeInvis .   e - +2 whip (distort)
rCold   . . .      Faith    .   c - +0 buckler
rNeg    . . .      Spirit   .   b - +0 scale mail
rPois   .          Reflect  .   f - +0 helmet
rElec   .          Harm     .   (no cloak)
rCorr   .          Rampage  .   (no gloves)
Will    .....                   (no boots)
Stlth   ..........              (no amulet)
HPRegen 0.17/turn               (no ring)
MPRegen 0.10/turn               (no ring)

@: slowed, glowing, very slow
A: sense surroundings 1, otherworldly, glowing, explore regen
a: Renounce Religion, Depart the Abyss


You were on level 2 of the Dungeon.
You worshipped Lugonu.
Lugonu was aware of your devotion.
You visited 1 branch of the dungeon, and saw 3 of its levels.
You also visited: Sewer.

You collected 66 gold pieces.

Inventory:

Hand Weapons
 e - a +2 whip of distortion (weapon)
 g - a +2 short sword of holy wrath
 h - a +0 war axe
Armour
 b - a +0 scale mail (worn)
 c - a +0 buckler (worn)
 f - a +0 helmet (worn)
Scrolls
 d - a scroll of fog
 m - a scroll of poison {unknown}
Potions
 a - 2 potions of berserk rage {unknown}
 i - a potion of ambrosia
 j - 2 potions of mutation {unknown}
 k - a potion of curing {unknown}
 l - 2 potions of haste {unknown}
 n - 2 potions of lignification {unknown}


   Skills:
 - Level 3.2 Fighting
 - Level 5.7(6.2) Axes
 + Level 3.8(5.6) Maces & Flails
 - Level 3.6 Armour
 - Level 3.6 Shields


You had 5 spell levels left.
You didn't know any spells.
Your spell library contained the following spells:

 Spells                   Type           Power      Damage    Failure   Level
 Static Discharge         Conj/Air       0%         3-3/arc   91%         2
 Frozen Ramparts          Ice            0%         1d2       99%         3
 Summon Ice Beast         Ice/Summ       0%         N/A       100%        4


Dungeon Overview and Level Annotations

Branches:
Dungeon (3/15) Zot: 849     Sewer (visited)

Altars:
Lugonu

Portals:
Abyss: D:3

Annotations:
D:2 Natasha
D:3 1 runed translucent door, RBrandon's ghost, amateur OgMo


Innate Abilities, Weirdness & Mutations

You passively map a small area around you.
You are easily found by Zot.
You glow in the dark.
You regain HP and MP as you explore.


Message History

The white imp attacks as you move away! The white imp hits you.
The white imp freezes you.
The crimson imp attacks as you move away!
The crimson imp hits you. Natasha claws you.
* * * LOW HITPOINT WARNING * * *
The crimson imp summons a swarm of flies.
The giant cockroach bites you.
* * * LOW HITPOINT WARNING * * *
The endoplasm hits you.
* * * LOW HITPOINT WARNING * * *
You closely miss Natasha.
Natasha is heavily wounded.
The endoplasm freezes you.
You are frozen.
* * * LOW HITPOINT WARNING * * *
You barely miss Natasha.
Natasha is heavily wounded.
Natasha claws you.
* * * LOW HITPOINT WARNING * * *
You hit Natasha.
Natasha is almost dead.
The crimson imp hits you.
* * * LOW HITPOINT WARNING * * *
The crimson imp hits you.
* * * LOW HITPOINT WARNING * * *
The endoplasm freezes you.
You are frozen.
* * * LOW HITPOINT WARNING * * *
The giant cockroach bites you.
* * * LOW HITPOINT WARNING * * *
Natasha extends her claws.
Natasha stares at you and mumbles some strange words.
You resist with significant effort.
You closely miss Natasha.
Natasha is almost dead.
The white imp disappears in a puff of smoke!
The giant cockroach bites you.
* * * LOW HITPOINT WARNING * * *
Natasha claws you.
You die...

......... * ......... .........#
..* # .. #......>. .........#
*#.##. ..# #........ .........#
#....*.(# #......§. .........##
#...##..# ##.######
..........####...#...# #. ,..#
...#.#.....##..#.....####...#.#..
..##.#*#.#.....B5h.#.....)≈...§.≈
#....###........@§w.....#.§..≈...
.###.).[..#.....5J....≈...≈§....≈
..##.##...................§.#.#..
.......................#.#.......
###........................≈...≈.
#......#................≈....#...
...............##.####.....≈...≈.
###.#####.####.##.# ##.#.#.......
##.# ### #..#.# #.......#.#..


You could see a worm, Natasha (empowered), 2 crimson imps, an endoplasm and a
giant cockroach.

Vanquished Creatures
  Natasha (D:2)
  A hell rat (Sewer)
  Robin (D:2)
  7 adders
  A worm (D:3)
  A dart slug (D:3)
  3 orcs (D:3)
  2 bats
  An endoplasm (D:2)
  A giant cockroach (D:3)
  9 goblins
  5 hobgoblins
  A quokka (D:3)
  2 ball pythons (D:2)
  A frilled lizard (D:3)
  7 kobolds
  7 rats
51 creatures vanquished.

Notes
Turn   | Place    | Note
-------+----------+-------------------------------------------
     0 | D:1      | iguanaiguana the Meteoran Fighter began the quest for the
                  | Orb.
     0 | D:1      | Reached XP level 1. HP: 19/19 MP: 2/2
    54 | D:2      | Reached skill level 3 in Axes
    54 | D:2      | Reached XP level 2. HP: 26/26 MP: 3/3
   148 | D:2      | Noticed Robin
   162 | D:2      | Killed Robin
   163 | D:2      | Reached skill level 4 in Axes
   163 | D:2      | Reached XP level 3. HP: 22/31 MP: 4/4
   299 | D:3      | Found a one-way gate to the infinite horrors of the Abyss.
   414 | D:3      | Reached XP level 4. HP: 38/38 MP: 5/5
   479 | D:3      | Reached skill level 5 in Axes
   485 | D:3      | Found a glowing drain.
   595 | D:3      | Reached XP level 5. HP: 37/45 MP: 6/6
   609 | D:3      | Found a large runed translucent door.
   609 | D:3      | Found a large runed translucent door.
   633 | D:3      | Found a corrupted altar of Lugonu.
   646 | D:3      | Became a worshipper of Lugonu the Unformed
   646 | D:3      | Reached * piety under Lugonu
   678 | D:3      | Reached skill level 1 in Maces & Flails
   710 | Sewer    | Entered a sewer
   791 | D:3      | Reached XP level 6. HP: 51/51 MP: 7/7
   862 | D:3      | Found a runed translucent door.
   862 | D:3      | Noticed RBrandon's ghost (amateur OgMo)
   912 | D:2      | Noticed Natasha
   922 | D:2      | Killed Natasha
   939 | D:2      | Got the Guidebook on Rime and Striking
   964 | D:2      | Noticed Natasha
   978 | D:2      | Slain by Natasha

Illustrated notes

Levels and vault maps discovered:
D:1:      tarquinn_simple_flora_water_e, layout_basic,
          ebering_ecumenical_altar_box
D:2:      layout_rooms, hangedman_decor_growths,
          nicolae_kite_square_tiling_tiny, uniq_robin, uniq_natasha
D:3:      due_chaos_kobolds, layout_basic, gup_sewer_entry_glass,
          hellmonk_ghost_happy_afterlife, corexii_leaking_fountain

Skill      XL: |  1  2  3  4  5 |
---------------+----------------+-----
Axes           | 3 4 5 |  5.7
Maces & Flails | 3 |  3.8
Fighting       | |  3.2
Armour         | |  3.6
Shields        | |  3.6

Action                   |  1- 3 |  4- 6 || total
-------------------------+-------+-------++-------
Melee: War axe           |    75 |    60 ||   135
       Whip              |       |    48 ||    48
  Use: Potion            |     1 |     2 ||     3
       Scroll            |       |     3 ||     3
Armor: Scale mail        |    51 |    54 ||   105
Dodge: Dodged            |    34 |    37 ||    71
Block: Buckler           |    21 |    30 ||    51

Table legend: (Time is in decaauts)
 A = Elapsed time spent in this place.
 B = Non-inter-level travel time spent in this place.
 C = Inter-level travel time spent in this place.
 D = Time resting spent in this place.
 E = Time spent auto-exploring this place.
 F = Levels seen in this place.
 G = Mean time per level.
                   A        B        C        D        E       F      G
               +--------+--------+--------+--------+--------+-----+--------+
         Total |   1026 |    689 |    337 |      0 |      0 |   4 |  256.5 |
       Dungeon |    949 |    612 |    337 |      0 |      0 |   3 |  316.3 |
         Sewer |     77 |     77 |      0 |      0 |      0 |   1 |   77.0 |
               +--------+--------+--------+--------+--------+-----+--------+

Top non-repeatable levels by time:
     D:3: 621 daAuts
     D:2: 312 daAuts
   Sewer: 77 daAuts
     D:1: 15 daAuts
